TOP OF THE 1ST |
Seattle (APP) Mariners batting - Pitching for Cleveland (APP) Indians : RHP Eugene Stott
|
Pitching: RHP Eugene Stott
|
|
Batting: RHB Nick Edmunds
|
0-0: Called Strike 0-1: Ball 1-1: Called Strike 1-2: Ground out 4-3 (Groundball, 4, EV 103.8 MPH)
|
Batting: RHB Ryan Criollo
|
0-0: Fly out, F8 (Flyball, 8LS, EV 81.2 MPH)
|
Batting: RHB Ivan Davila
|
0-0: Called Strike 0-1: Swinging Strike 0-2: Ball 1-2: Ball 2-2: Ball 3-2: Base on Balls
|
Batting: LHB Taki Matsui
|
0-0: Swinging Strike 0-1: Foul Ball, location: 2F 0-2: Ball 1-2: Ball Passed Ball! Ivan Davila to second 2-2: Strikes out swinging
|
Top of the 1st over - 0 runs, 0 hits, 0 errors, 1 left on base; Seattle (APP) 0 - Cleveland (APP) 0 |
BOTTOM OF THE 1ST |
Cleveland (APP) Indians batting - Pitching for Seattle (APP) Mariners : RHP David Lane
|
Pitching: RHP David Lane
|
|
Batting: LHB John Harring
|
0-0: Ball 1-0: Foul Ball, location: 2F 1-1: Fly out, F9 (Line Drive, 9D, EV 90.6 MPH)
|
Batting: RHB Christian Blue
|
0-0: Ball 1-0: Called Strike 1-1: Ball 2-1: Ball 3-1: Fly out, F3 (Line Drive, 4, EV 70.6 MPH)
|
Batting: RHB Jeremy Givens
|
0-0: Swinging Strike 0-1: Ball 1-1: SINGLE (Line Drive, 89S, EV 96.9 MPH)
|
Batting: RHB Juan Gallardo
|
0-0: Hit by Pitch Jeremy Givens to second
|
Batting: RHB Matt Thompson
|
0-0: Ball 1-0: Ball 2-0: Foul Ball, location: 2F 2-1: SINGLE (Groundball, 5D, EV 93.8 MPH) Jeremy Givens to third Juan Gallardo to second Runner from 3rd tries for Home, throw by LF and OUT! 7-2
|
Bottom of the 1st over - 0 runs, 2 hits, 0 errors, 2 left on base; Seattle (APP) 0 - Cleveland (APP) 0 |
TOP OF THE 2ND |
Seattle (APP) Mariners batting - Pitching for Cleveland (APP) Indians : RHP Eugene Stott
|
Batting: RHB Chris Olheiser
|
0-0: Ball 1-0: Foul Ball, location: 2F 1-1: Ball 2-1: Ball 3-1: Base on Balls
|
Batting: SHB Tony Morales
|
0-0: Called Strike 0-1: Called Strike 0-2: Foul Ball, location: 2F 0-2: Strikes out looking
|
Batting: LHB Brian Butler
|
0-0: Called Strike 0-1: Called Strike 0-2: Foul Ball, location: 2F 0-2: Ball 1-2: Reached on error, E5 (Groundball, 56, EV 103.8 MPH) Chris Olheiser to second
|
Batting: RHB Jesus Santiago
|
0-0: DOUBLE (Flyball, 78XD, EV 103.1 MPH) Chris Olheiser scores Brian Butler to third
|
Batting: RHB Houston Brock
|
0-0: Ground out 6-3 (Groundball, 6, EV 90.0 MPH) Brian Butler scores
|
Batting: RHB Nick Edmunds
|
0-0: Called Strike 0-1: Ball Wild Pitch! Jesus Santiago to third 1-1: Foul Ball, location: 2F 1-2: Ground out 6-3 (Groundball, 6M, EV 105.0 MPH)
|
Top of the 2nd over - 2 runs, 1 hit, 1 error, 1 left on base; Seattle (APP) 2 - Cleveland (APP) 0 |
BOTTOM OF THE 2ND |
Cleveland (APP) Indians batting - Pitching for Seattle (APP) Mariners : RHP David Lane
|
Batting: RHB Luis Roman
|
0-0: Ball 1-0: Foul Ball, location: 2F 1-1: Ball 2-1: Foul Ball, location: 2F 2-2: Strikes out looking
|
Batting: RHB Carlos Manriquez
|
0-0: Ball 1-0: Foul Ball, location: 2F 1-1: Fly out, F9 (Flyball, 9D, EV 87.5 MPH)
|
Batting: RHB John Clark
|
0-0: Ball 1-0: Foul Ball, location: 2F 1-1: Ball 2-1: Ball 3-1: Base on Balls
|
Batting: RHB Joe Shade
|
0-0: Ball 1-0: Ball 2-0: Ball 3-0: Base on Balls John Clark to second
|
Batting: LHB John Harring
|
0-0: DOUBLE (Flyball, 8RXD, EV 106.2 MPH) John Clark scores Joe Shade to third
|
Batting: RHB Christian Blue
|
0-0: Ball 1-0: Swinging Strike 1-1: Foul Ball, location: 2F 1-2: Strikes out swinging
|
Bottom of the 2nd over - 1 run, 1 hit, 0 errors, 2 left on base; Seattle (APP) 2 - Cleveland (APP) 1 |
TOP OF THE 3RD |
Seattle (APP) Mariners batting - Pitching for Cleveland (APP) Indians : RHP Eugene Stott
|
Batting: RHB Ryan Criollo
|
0-0: Ball 1-0: Called Strike 1-1: Called Strike 1-2: Strikes out looking
|
Batting: RHB Ivan Davila
|
0-0: Ball 1-0: Ball 2-0: Ball 3-0: Called Strike 3-1: Fly out, F8 (Flyball, 8RM, EV 83.8 MPH)
|
Batting: LHB Taki Matsui
|
0-0: Ball 1-0: Swinging Strike 1-1: Foul Ball, location: 2F 1-2: Foul Ball, location: 2F 1-2: Ground out 4-3 (Groundball, 34, EV 87.5 MPH)
|
Top of the 3rd over - 0 runs, 0 hits, 0 errors, 0 left on base; Seattle (APP) 2 - Cleveland (APP) 1 |
BOTTOM OF THE 3RD |
Cleveland (APP) Indians batting - Pitching for Seattle (APP) Mariners : RHP David Lane
|
Batting: RHB Jeremy Givens
|
0-0: Called Strike 0-1: Ball 1-1: SOLO HOME RUN (Flyball, 78XD, EV 111.9 MPH), Distance : 406 ft
|
Batting: RHB Juan Gallardo
|
0-0: Called Strike 0-1: DOUBLE (Line Drive, 78XD, EV 101.9 MPH)
|
Batting: RHB Matt Thompson
|
0-0: Called Strike 0-1: Ball 1-1: Ball 2-1: Called Strike 2-2: Ground out 5-3 (Groundball, 56S, EV 76.9 MPH)
|
Batting: RHB Luis Roman
|
0-0: Hit by Pitch
|
Batting: RHB Carlos Manriquez
|
0-0: Swinging Strike 0-1: Ball 1-1: Ball 2-1: Called Strike 2-2: Ball 3-2: Strikes out swinging
|
Batting: RHB John Clark
|
0-0: Swinging Strike 0-1: Ball Wild Pitch! Juan Gallardo to third Luis Roman to second 1-1: Foul Ball, location: 2F 1-2: Strikes out looking
|
Bottom of the 3rd over - 1 run, 2 hits, 0 errors, 2 left on base; Seattle (APP) 2 - Cleveland (APP) 2 |
TOP OF THE 4TH |
Seattle (APP) Mariners batting - Pitching for Cleveland (APP) Indians : RHP Eugene Stott
|
Batting: RHB Chris Olheiser
|
0-0: Ball 1-0: Ball 2-0: Ball 3-0: Base on Balls
|
Batting: SHB Tony Morales
|
0-0: Ball 1-0: Called Strike 1-1: Called Strike 1-2: Ball Passed Ball! Chris Olheiser to second 2-2: Foul Ball, location: 2F 2-2: Ball Wild Pitch! Chris Olheiser to third 3-2: Strikes out swinging
|
Batting: LHB Brian Butler
|
0-0: Ground out 4-3 (Groundball, 4, EV 86.2 MPH)
|
Batting: RHB Jesus Santiago
|
0-0: Ball 1-0: Ball 2-0: Ball 3-0: Called Strike 3-1: Base on Balls
|
Pitching: LHP Alcander Magos
|
|
Batting: RHB Houston Brock
|
0-0: Ball 1-0: DOUBLE (Flyball, 9LM, EV 103.8 MPH) Chris Olheiser scores Jesus Santiago to third
|
Batting: RHB Nick Edmunds
|
0-0: Ball Passed Ball! Jesus Santiago scores Houston Brock to third 1-0: Ball 2-0: Ball 3-0: Base on Balls
|
Batting: RHB Ryan Criollo
|
0-0: Ball 1-0: Ball Passed Ball! Houston Brock scores Nick Edmunds to second 2-0: DOUBLE (Groundball, 5L, EV 106.2 MPH) Nick Edmunds scores
|
Batting: RHB Ivan Davila
|
0-0: Called Strike 0-1: Ball 1-1: Ball Passed Ball! Ryan Criollo to third 2-1: Ball 3-1: Base on Balls
|
Batting: LHB Taki Matsui
|
0-0: 3-RUN HOME RUN (Flyball, 9D, EV 97.5 MPH), Distance : 377 ft
|
Pitching: LHP Jordan Leon
|
|
Batting: RHB Chris Olheiser
|
0-0: Foul Ball, location: 2F 0-1: Ball 1-1: Ball 2-1: Ball 3-1: Ground out 5-3 (Groundball, 56, EV 78.8 MPH)
|
Top of the 4th over - 7 runs, 3 hits, 0 errors, 0 left on base; Seattle (APP) 9 - Cleveland (APP) 2 |
BOTTOM OF THE 4TH |
Cleveland (APP) Indians batting - Pitching for Seattle (APP) Mariners : RHP David Lane
|
Batting: RHB Joe Shade
|
0-0: Ground out 5-3 (Groundball, 56D, EV 89.4 MPH)
|
Batting: LHB John Harring
|
0-0: Ball 1-0: Swinging Strike 1-1: Ball 2-1: SOLO HOME RUN (Flyball, 9D, EV 96.9 MPH), Distance : 377 ft
|
Batting: RHB Christian Blue
|
0-0: Called Strike 0-1: Swinging Strike 0-2: Ball 1-2: Ball 2-2: Foul Ball, location: 2F 2-2: Strikes out looking
|
Batting: RHB Jeremy Givens
|
0-0: Ball 1-0: Ball 2-0: Ball 3-0: Called Strike 3-1: Swinging Strike 3-2: DOUBLE (Line Drive, 89M, EV 98.8 MPH)
|
Batting: RHB Juan Gallardo
|
0-0: Ball 1-0: Foul Ball, location: 2F 1-1: Foul Ball, location: 2F 1-2: Foul Ball, location: 2F 1-2: SINGLE (Line Drive, 89M, EV 99.4 MPH) Jeremy Givens to third Runner from 3rd tries for Home, throw by RF and OUT! 9-2
|
Bottom of the 4th over - 1 run, 3 hits, 0 errors, 1 left on base; Seattle (APP) 9 - Cleveland (APP) 3 |
TOP OF THE 5TH |
Seattle (APP) Mariners batting - Pitching for Cleveland (APP) Indians : LHP Jordan Leon
|
Batting: SHB Tony Morales
|
0-0: Ball 1-0: Fly out, F4 (Popup, 4D, EV 65.0 MPH)
|
Batting: LHB Brian Butler
|
0-0: Ball 1-0: DOUBLE (Flyball, 89XD, EV 105.6 MPH)
|
Batting: RHB Jesus Santiago
|
0-0: Ball 1-0: Ball 2-0: Ball 3-0: Base on Balls
|
Batting: RHB Houston Brock
|
0-0: Called Strike Jesus Santiago steals 2nd base Brian Butler steals 3rd base 0-1: Ball Passed Ball! Brian Butler scores Jesus Santiago to third 1-1: Swinging Strike Passed Ball! Jesus Santiago scores 1-2: Ball 2-2: Foul Ball, location: 2F 2-2: Ball 3-2: Base on Balls
|
Pitching: RHP Malachi Shelton
|
|
Batting: RHB Nick Edmunds
|
0-0: DOUBLE (Line Drive, 8RXD, EV 111.9 MPH) Houston Brock to third
|
Batting: RHB Ryan Criollo
|
0-0: Called Strike 0-1: Called Strike 0-2: Strikes out looking
|
Batting: RHB Ivan Davila
|
0-0: Ball 1-0: Foul Ball, location: 2F 1-1: Fly out, F7 (Flyball, 7S, EV 96.9 MPH)
|
Top of the 5th over - 2 runs, 2 hits, 0 errors, 2 left on base; Seattle (APP) 11 - Cleveland (APP) 3 |
BOTTOM OF THE 5TH |
Cleveland (APP) Indians batting - Pitching for Seattle (APP) Mariners : RHP David Lane
|
Batting: RHB Matt Thompson
|
0-0: Foul Ball, location: 2F 0-1: Ball 1-1: Ball 2-1: Fly out, F8 (Flyball, 8RD, EV 94.4 MPH)
|
Batting: RHB Luis Roman
|
0-0: Ball 1-0: Fly out, F4 (Flyball, 34D, EV 86.9 MPH)
|
Batting: RHB Carlos Manriquez
|
0-0: Foul Ball, location: 2F 0-1: DOUBLE (Line Drive, 89D, EV 103.8 MPH)
|
Batting: RHB John Clark
|
0-0: Ball 1-0: Ball 2-0: Called Strike 2-1: DOUBLE (Line Drive, 7LS, EV 95.0 MPH) Carlos Manriquez scores
|
Batting: RHB Joe Shade
|
0-0: Ball 1-0: Ball 2-0: Called Strike 2-1: 2-RUN HOME RUN (Flyball, 7LD, EV 95.0 MPH), Distance : 338 ft
|
Pitching: RHP Harry Hammons
|
|
Batting: LHB John Harring
|
0-0: Ball 1-0: Ball 2-0: Called Strike 2-1: Ball 3-1: Foul Ball, location: 2F 3-2: SOLO HOME RUN (Flyball, 9D, EV 99.4 MPH), Distance : 386 ft
|
Batting: RHB Christian Blue
|
0-0: Called Strike 0-1: Swinging Strike 0-2: Foul Ball, location: 2F 0-2: Ball 1-2: Strikes out swinging
|
Bottom of the 5th over - 4 runs, 4 hits, 0 errors, 0 left on base; Seattle (APP) 11 - Cleveland (APP) 7 |
TOP OF THE 6TH |
Seattle (APP) Mariners batting - Pitching for Cleveland (APP) Indians : RHP Malachi Shelton
|
Batting: LHB Taki Matsui
|
0-0: Ball 1-0: SOLO HOME RUN (Flyball, 89XD, EV 100.6 MPH), Distance : 426 ft
|
Batting: RHB Chris Olheiser
|
0-0: Ball 1-0: Ball 2-0: Ball 3-0: Base on Balls
|
Batting: SHB Tony Morales
|
0-0: Ball Passed Ball! Chris Olheiser to second 1-0: Ball 2-0: Ball Passed Ball! Chris Olheiser to third 3-0: Called Strike 3-1: Base on Balls
|
Batting: LHB Brian Butler
|
0-0: Ball 1-0: Called Strike 1-1: Called Strike 1-2: Fielders Choice at 2nd, 5-4 (Groundball, 56, EV 106.2 MPH) Chris Olheiser scores
|
Batting: RHB Jesus Santiago
|
0-0: Ball 1-0: Called Strike Brian Butler steals 2nd base 1-1: Ball 2-1: Called Strike 2-2: Foul Ball, location: 2F 2-2: Ball 3-2: Base on Balls
|
Batting: RHB Houston Brock
|
0-0: SINGLE (Groundball, 6S, EV 66.9 MPH) (infield hit) Brian Butler to third Jesus Santiago to second
|
Batting: RHB Nick Edmunds
|
0-0: Foul Ball, location: 2F 0-1: Swinging Strike Passed Ball! Brian Butler scores Jesus Santiago to third Houston Brock to second 0-2: Ball 1-2: Strikes out swinging
|
Batting: RHB Ryan Criollo
|
0-0: Foul Ball, location: 2F 0-1: Ball 1-1: Foul Ball, location: 2F 1-2: Foul Ball, location: 2F 1-2: Ball 2-2: Foul Ball, location: 2F 2-2: Ball 3-2: Foul Ball, location: 2F 3-2: Ground out U3 (Groundball, 3S, EV 87.5 MPH)
|
Top of the 6th over - 3 runs, 2 hits, 0 errors, 2 left on base; Seattle (APP) 14 - Cleveland (APP) 7 |
BOTTOM OF THE 6TH |
Cleveland (APP) Indians batting - Pitching for Seattle (APP) Mariners : RHP Harry Hammons
|
Batting: RHB Jeremy Givens
|
0-0: Called Strike 0-1: Swinging Strike 0-2: Ball 1-2: Strikes out looking
|
Batting: RHB Juan Gallardo
|
0-0: Ball 1-0: Ground out 5-3 (Groundball, 56, EV 101.2 MPH)
|
Batting: RHB Matt Thompson
|
0-0: SINGLE (Groundball, 6MD, EV 99.4 MPH)
|
Batting: RHB Luis Roman
|
0-0: Called Strike 0-1: Ball 1-1: Foul Ball, location: 2F 1-2: Foul Ball, location: 2F 1-2: Strikes out looking
|
Bottom of the 6th over - 0 runs, 1 hit, 0 errors, 1 left on base; Seattle (APP) 14 - Cleveland (APP) 7 |
TOP OF THE 7TH |
Seattle (APP) Mariners batting - Pitching for Cleveland (APP) Indians : RHP Malachi Shelton
|
Batting: RHB Ivan Davila
|
0-0: Ball 1-0: Ball 2-0: Ball 3-0: Base on Balls
|
Pinch Hitting: RHB Jung-wan Aan
|
0-0: Called Strike 0-1: Ball 1-1: Ball 2-1: Foul Ball, location: 2F 2-2: Strikes out swinging
|
Batting: RHB Chris Olheiser
|
0-0: DOUBLE (Line Drive, 89D, EV 106.9 MPH) Ivan Davila to third
|
Batting: SHB Tony Morales
|
0-0: Foul Ball, location: 2F 0-1: SINGLE (Groundball, 23, EV 73.8 MPH) (infield hit)
|
Batting: LHB Brian Butler
|
0-0: Ball 1-0: DOUBLE (Line Drive, 7LS, EV 111.9 MPH) Ivan Davila scores Chris Olheiser scores Tony Morales to third
|
Batting: RHB Jesus Santiago
|
0-0: Called Strike 0-1: Called Strike 0-2: Ball 1-2: 3-RUN HOME RUN (Flyball, 9LD, EV 93.1 MPH), Distance : 365 ft
|
Pitching: RHP David Schweitzer
|
|
Batting: RHB Houston Brock
|
0-0: Fly out, F9 (Flyball, 9LM, EV 93.8 MPH)
|
Batting: RHB Nick Edmunds
|
0-0: Ball 1-0: Called Strike 1-1: Swinging Strike 1-2: Ground out 6-3 (Groundball, 6D, EV 95.6 MPH)
|
Top of the 7th over - 5 runs, 4 hits, 0 errors, 0 left on base; Seattle (APP) 19 - Cleveland (APP) 7 |
BOTTOM OF THE 7TH |
Cleveland (APP) Indians batting - Pitching for Seattle (APP) Mariners : RHP Harry Hammons
|
Pitching: LHP Adam Parrish
|
|
Now at 1B: Fernando Jasso
|
|
Batting: RHB Carlos Manriquez
|
0-0: Ball 1-0: Ball 2-0: Fly out, F3 (Popup, 23F, EV 87.5 MPH)
|
Batting: RHB John Clark
|
0-0: Called Strike 0-1: Ball 1-1: Ground out U3 (Groundball, 23, EV 78.1 MPH)
|
Batting: RHB Joe Shade
|
0-0: Called Strike 0-1: Foul Ball, location: 2F 0-2: Ball 1-2: Strikes out swinging
|
Bottom of the 7th over - 0 runs, 0 hits, 0 errors, 0 left on base; Seattle (APP) 19 - Cleveland (APP) 7 |
TOP OF THE 8TH |
Seattle (APP) Mariners batting - Pitching for Cleveland (APP) Indians : RHP David Schweitzer
|
Batting: RHB Ryan Criollo
|
0-0: Ball 1-0: Ball 2-0: Called Strike 2-1: Swinging Strike 2-2: SINGLE (Flyball, 89S, EV 92.5 MPH)
|
Batting: RHB Ivan Davila
|
0-0: Called Strike 0-1: Ball 1-1: Foul Ball, location: 2F 1-2: Grounds into double play, 3-6-1 (Groundball, 13, EV 83.8 MPH)
|
Batting: SHB Fernando Jasso
|
0-0: Ball 1-0: Fly out, F8 (Flyball, 89XD, EV 92.5 MPH)
|
Top of the 8th over - 0 runs, 1 hit, 0 errors, 0 left on base; Seattle (APP) 19 - Cleveland (APP) 7 |
BOTTOM OF THE 8TH |
Cleveland (APP) Indians batting - Pitching for Seattle (APP) Mariners : LHP Adam Parrish
|
Batting: LHB John Harring
|
0-0: Called Strike 0-1: Swinging Strike 0-2: Ball 1-2: Foul Ball, location: 2F 1-2: Strikes out swinging
|
Batting: RHB Christian Blue
|
0-0: Called Strike 0-1: Swinging Strike 0-2: Strikes out swinging
|
Batting: RHB Jeremy Givens
|
0-0: Ball 1-0: Called Strike 1-1: Called Strike 1-2: Ball 2-2: Foul Ball, location: 2F 2-2: SOLO HOME RUN (Line Drive, 78XD, EV 106.2 MPH), Distance : 428 ft
|
Batting: RHB Juan Gallardo
|
0-0: Called Strike 0-1: DOUBLE (Line Drive, 7LS, EV 108.1 MPH)
|
Batting: RHB Matt Thompson
|
0-0: Ball 1-0: Foul Ball, location: 2F 1-1: Ball 2-1: Ground out 4-3 (Groundball, 4MD, EV 81.9 MPH)
|
Bottom of the 8th over - 1 run, 2 hits, 0 errors, 1 left on base; Seattle (APP) 19 - Cleveland (APP) 8 |
TOP OF THE 9TH |
Seattle (APP) Mariners batting - Pitching for Cleveland (APP) Indians : RHP David Schweitzer
|
Batting: RHB Chris Olheiser
|
0-0: Called Strike 0-1: Ball 1-1: Ball 2-1: Swinging Strike 2-2: Ball 3-2: DOUBLE (Line Drive, 9LD, EV 108.8 MPH)
|
Pitching: RHP Ricky Cordova
|
|
Pinch Hitting: SHB Ryan Clark
|
0-0: Ball 1-0: Ball Passed Ball! Chris Olheiser to third 2-0: Ball 3-0: Base on Balls
|
Batting: LHB Brian Butler
|
0-0: Ball 1-0: Fielders Choice at 2nd, 4-6 (Groundball, 4M, EV 88.8 MPH) Chris Olheiser scores
|
Batting: RHB Jesus Santiago
|
0-0: Swinging Strike 0-1: Foul Ball, location: 2F 0-2: Ground out 5-3 (Groundball, 56S, EV 81.9 MPH) Brian Butler to second
|
Batting: RHB Houston Brock
|
0-0: Fly out, F7 (Flyball, 7S, EV 89.4 MPH)
|
Top of the 9th over - 1 run, 1 hit, 0 errors, 1 left on base; Seattle (APP) 20 - Cleveland (APP) 8 |
BOTTOM OF THE 9TH |
Cleveland (APP) Indians batting - Pitching for Seattle (APP) Mariners : LHP Adam Parrish
|
Pitching: RHP Kieran Easton
|
|
Now at 2B: Ryan Clark
|
|
Batting: RHB Luis Roman
|
0-0: Called Strike 0-1: Foul Ball, location: 2F 0-2: Ball 1-2: Ball 2-2: Ball 3-2: DOUBLE (Flyball, 8LXD, EV 97.5 MPH)
|
Batting: RHB Carlos Manriquez
|
0-0: Ground out 6-3 (Groundball, 6, EV 103.1 MPH)
|
Batting: RHB John Clark
|
0-0: Foul Ball, location: 2F 0-1: Foul Ball, location: 2F 0-2: Strikes out swinging
|
Batting: RHB Joe Shade
|
0-0: Called Strike 0-1: Called Strike 0-2: Ball 1-2: Strikes out swinging
|
Bottom of the 9th over - 0 runs, 1 hit, 0 errors, 1 left on base; Seattle (APP) 20 - Cleveland (APP) 8 |
|